[Event "17th Paracin Open 2024"]
[Site "Paracin"]
[Date "2024.07.08"]
[Round "6.10"]
[White "Atalik, Suat"]
[Black "Tippa, Aswath Srisai"]
[Result "0-1"]
[ECO "D35"]
[WhiteElo "2450"]
[BlackElo "1647"]
[Annotator "TA"]
[PlyCount "98"]
[EventDate "2024.07.02"]
[EventType "swiss"]
[EventCountry "SRB"]
[SourceTitle "playchess.com"]
[Source "ChessBase"]
[SourceQuality "1"]
[TimeControl "5400+30"]

1. d4 d5 2. c4 e6 3. Nc3 Nf6 4. cxd5 exd5 5. Bg5 Bb4 6. e3 h6 7. Bh4 g5 8. Bg3 Ne4 9. Qc2 h5 {[%emt 0:00:14] The position is equal.} 10. f3 Nxg3 11. hxg3 Nc6 12. a3 Bxc3+ 13. Qxc3 Qd6 14. f4 g4 15. Bb5 Bd7 16. Bxc6 Bxc6 17. Ne2 O-O-O 18. Kf2 Rde8 19. Rac1 Kb8 20. Qc5 {[%emt 0:05:54] Repels Bb5} Qf6 21. Rc3 Re6 22. a4 Qd8 (22... Bxa4 23. Qxc7+ Ka8 24. Qc8+ Rxc8 25. Rxc8#) 23. Qa3 a6 24. Rh4 Qe8 25. b3 Rhh6 26. Qc1 Re7 27. Qc2 Re4 28. Qd2 Bd7 29. Nc1 {[%emt 0:00:00][%cal Be2c1,Bc1d3,Bd3e5][%mdl 32] White is weak on the light squares} Bf5 30. Nd3 Re7 31. Ne5 Rh8 32. Rc5 f6 33. Nd3 Be4 34. Rc3 Bxd3 35. Qxd3 Re4 36. Qc2 Rh7 {[%emt 0:00:21] ...Rhe7 would now be deadly.} 37. Rh1 Rhe7 {[%emt 0:00:40] Threatens to win with ...h4.} 38. Qd2 {[%emt 0:00:00] [#]} (38. Rc1 $15 c6 (38... Rxe3 39. Rxe3 Rxe3 40. Qxc7+ Ka7 41. Qc5+ Kb8 42. a5 $11) 39. Qd2) 38... c5 $1 $19 39. Rxc5 (39. Rhc1 $17 {was the only chance.}) 39... Rxe3 {[%emt 0:00:06] ( -> ...Re2+)} 40. Rc2 Rxb3 41. Qa5 Rbe3 $2 (41... h4 $19 {and Black stays clearly on top.} 42. Rxh4 Rb1) 42. Qxd5 Qxa4 $40 {[%emt 0:02:29][%mdl 128] Black is up to no good.} (42... Re2+ $17 43. Rxe2 Rxe2+ 44. Kg1 Rc2 (44... Qxa4 45. Qd6+ Ka8 46. Rxh5 $15) (44... Qe3+ 45. Kh2 $15)) 43. Rhc1 $11 Re8 {[%emt 0:00:49] Dodges Rc8+. Strongly threatening ...Qa3. The board is on fire.} 44. Qd6+ Ka7 45. Qxf6 {[%emt 0:00:56][%mdl 8192] [#]} (45. Qc5+ $11 Kb8 (45... Ka8 46. Qb6 $11) 46. Qd6+ Ka7 47. Qc5+ Kb8 (47... Ka8 48. Qb6 $11) 48. Qd6+) 45... h4 $1 {[%emt 0:00:14][%mdl 512] Black mates.} 46. Qxh4 (46. Qf5 hxg3+) 46... Qxd4 47. Kf1 Qd3+ 48. Kg1 Re1+ (48... Rxg3 $2 49. Rf2 $17) 49. Kh2 Qf1 {[%emt 0:00:10] Weighted Error Value: White=0.23 (precise) /Black=0.17 (very precise) .  Loses game:     	White=2     	---        Missed win:     	---       	Black=1      Mistake:       	White=1     	Black=1      Inaccurate:     	White=6     	Black=4      OK:         	White=13    	Black=12     Best:        	White=1     	Black=3      Strong:       	---       	Black=1      Brilliant:      	---       	Black=1} 0-1

[Event "17th Paracin Open 2024"]
[Site "Paracin"]
[Date "2024.07.08"]
[Round "6.11"]
[White "Ben Ari, Yannay"]
[Black "Dvalishvili, Pavel S."]
[Result "1/2-1/2"]
[ECO "A04"]
[WhiteElo "2443"]
[BlackElo "2366"]
[Annotator "TA"]
[PlyCount "65"]
[EventDate "2024.07.02"]
[EventType "swiss"]
[EventCountry "SRB"]
[SourceTitle "playchess.com"]
[Source "ChessBase"]
[SourceQuality "1"]
[TimeControl "5400+30"]

1. g3 c5 2. Bg2 Nc6 3. Nf3 g6 4. O-O Bg7 5. d3 d6 6. e4 Nf6 7. a4 O-O 8. Re1 e5 9. Na3 h6 10. Nc4 Be6 11. Nfd2 (11. Bd2 $5) 11... Qd7 12. c3 Nh7 13. Nf1 f5 14. exf5 gxf5 (14... Rxf5 $15 15. f4 Rff8) 15. f4 $11 e4 16. Nce3 d5 17. dxe4 dxe4 (17... fxe4 $11 18. f5 Bxf5 (18... Bf7 19. Ng4 $11) 19. Nxf5 (19. Nxd5 Rad8 $15) (19. Qxd5+ Qxd5 20. Nxd5 Rad8 $14) 19... Rxf5 (19... Qxf5 $2 20. Ne3 $18)) 18. Qxd7 $16 Bxd7 19. a5 Rad8 20. Nd2 Nf6 21. Bf1 Be6 22. Bc4 Bxc4 23. Ndxc4 Nd5 {[%emt 0:00:47] [#]} 24. g4 ({Better is} 24. Rd1 $1 $16 Nde7 25. Rd6) 24... fxg4 $11 (24... Nxf4 25. Nxf5 Nd3 26. Rxe4 $18) 25. Nxd5 Rxd5 26. Ne3 Rd7 27. Nxg4 Bxc3 $1 28. Nxh6+ Kh7 29. bxc3 Kxh6 30. Ra4 Rd3 31. a6 (31. Rexe4 Rd1+ (31... Rxc3 32. Re6+ Kh5 33. Be3 $16) 32. Kg2 Rg8+ (32... Rxc1 $2 33. Re6+ Kh5 34. a6 $19) 33. Kf2 Rxc1 $19) 31... Rxc3 {[%emt 0:00:29] [#] Threatens to win with ...Nd4.} 32. Raxe4 Nd4 {[%emt 0:00:45] Strongly threatening ...Nf3+.} ({Avoid the trap} 32... Rg8+ $2 33. Kh1 $18) 33. Bb2 {[%emt 0:02:28] Weighted Error Value: White=0.12 (very precise) /Black=0.10 (very precise) .  Mistake:       	White=1     	Black=2      Inaccurate:     	White=3     	Black=2      OK:         	White=13    	Black=14     Best:        	White=1     	Black=1      Strong:       	---       	Black=1} (33. axb7 $2 Nf3+ 34. Kh1 Nxe1 $19) 1/2-1/2

[Event "17th Paracin Open 2024"]
[Site "Paracin"]
[Date "2024.07.09"]
[Round "6.12"]
[White "Sedlak, Nikola"]
[Black "Manish Anto Cristiano F"]
[Result "0-1"]
[ECO "D45"]
[WhiteElo "2426"]
[BlackElo "2307"]
[Annotator "RC"]
[PlyCount "96"]
[EventDate "2024.07.02"]
[EventType "swiss"]
[EventCountry "SRB"]
[SourceTitle "playchess.com"]
[Source "ChessBase"]
[SourceQuality "1"]
[TimeControl "5400+30"]

1. Nf3 d5 2. e3 Nf6 3. c4 c6 4. Nc3 e6 5. d4 Nbd7 6. Qc2 Bd6 7. Be2 O-O 8. b3 b6 9. O-O Bb7 10. Bb2 Qe7 11. Rfe1 Rfe8 12. Rad1 Rad8 13. Bf1 c5 14. cxd5 exd5 15. g3 h6 16. Bg2 Qe6 17. Qb1 a6 18. a4 Rc8 19. Qa1 Bf8 20. a5 b5 21. dxc5 Nxc5 22. Nd4 Qd7 23. Qb1 b4 24. Nce2 Nfe4 25. Nf4 Qc7 26. Qa1 Rcd8 27. Rc1 Bc8 28. Rc2 Qb7 29. Qd1 Bd7 30. Nd3 Ne6 31. Nxe6 Bxe6 32. Qh5 Rc8 33. Rxc8 Rxc8 34. Nf4 Rc2 35. Nxe6 fxe6 36. Re2 Qc7 37. Bf1 Nd2 38. Be5 Qc6 39. h4 Nxf1 40. Rxc2 Qxc2 41. Kxf1 Qb1+ 42. Ke2 Qxb3 43. Qe8 Qc2+ 44. Ke1 b3 45. Qxe6+ Kh7 46. Qxa6 Bb4+ 47. Kf1 Bc3 48. Bxc3 Qxc3 0-1

[Event "17th Paracin Open 2024"]
[Site "Paracin"]
[Date "2024.07.09"]
[Round "6.13"]
[White "Arnav Maheshwari"]
[Black "Harsh Suresh"]
[Result "0-1"]
[ECO "E04"]
[WhiteElo "2290"]
[BlackElo "2426"]
[Annotator "ChessBase"]
[PlyCount "68"]
[EventDate "2024.07.02"]
[EventType "swiss"]
[EventCountry "SRB"]
[SourceTitle "playchess.com"]
[Source "ChessBase"]
[SourceQuality "1"]
[TimeControl "5400+30"]

1. d4 d5 2. c4 e6 3. Nf3 Nf6 4. g3 dxc4 5. Bg2 a6 6. O-O Nc6 7. Nbd2 b5 8. b3 c3 9. Nb1 b4 10. a3 Bb7 11. axb4 Bxb4 12. e3 Ne7 13. Ne5 Bxg2 14. Kxg2 c5 15. Nd3 O-O 16. Qc2 Qd5+ 17. f3 Rfb8 18. dxc5 Bxc5 19. Nxc5 Qxc5 20. Ba3 Qxe3 21. Bxe7 Nd5 22. Ba3 Rxb3 23. Kh1 Rab8 24. Bd6 R8b6 25. Rxa6 Rxa6 26. Qxb3 h6 27. Na3 Qe2 28. Qb8+ Kh7 29. Qb1+ g6 30. Bc5 Rxa3 31. Rf2 c2 32. Qg1 Qxf2 33. Bxf2 Rd3 34. Be1 c1=Q 0-1

[Event "17th Paracin Open 2024"]
[Site "Paracin"]
[Date "2024.07.09"]
[Round "6.14"]
[White "Yilmaz, Baver"]
[Black "Djukic, Nikola"]
[Result "1/2-1/2"]
[ECO "B47"]
[WhiteElo "2259"]
[BlackElo "2532"]
[Annotator "RC"]
[PlyCount "146"]
[EventDate "2024.07.02"]
[EventType "swiss"]
[EventCountry "SRB"]
[SourceTitle "playchess.com"]
[Source "ChessBase"]
[SourceQuality "1"]
[TimeControl "5400+30"]

1. e4 c5 2. Nf3 e6 3. d4 cxd4 4. Nxd4 Nc6 5. Nc3 Qc7 6. f4 a6 7. Nxc6 Qxc6 8. Bd3 b5 9. Qe2 Bb7 10. Bd2 Bc5 11. O-O-O Ne7 12. a3 O-O 13. Qh5 b4 14. axb4 Bxb4 15. Kb1 a5 16. e5 g6 17. Qh4 Bxc3 18. Bxc3 Nd5 19. Bd4 Nb4 20. Rhe1 Rfc8 21. c3 Qa4 22. f5 Qa2+ 23. Kc1 Qa1+ 24. Bb1 a4 25. Re3 a3 26. bxa3 Qxa3+ 27. Kd2 Qb2+ 28. Ke1 Nc2+ 29. Bxc2 Qxc2 30. fxg6 fxg6 31. Re2 Qb3 32. Rf2 Rf8 33. Rf6 Bxg2 34. Qg4 Qc2 35. Qe2 Qxe2+ 36. Kxe2 Rxf6 37. exf6 Kf7 38. Bc5 Bc6 39. Be7 Ra5 40. Rd4 Rf5 41. Rb4 e5 42. Rb8 Rh5 43. Rf8+ Ke6 44. Rg8 Rxh2+ 45. Ke3 Rh3+ 46. Kd2 e4 47. Rg7 Bb5 48. Bd8 e3+ 49. Kc2 Rf3 50. Rxh7 e2 51. Re7+ Kd5 52. c4+ Bxc4 53. Rxd7+ Kc6 54. Re7 Rf1 55. Ba5 Rxf6 56. Bc3 Rf3 57. Bd2 Kd5 58. Rd7+ Ke6 59. Rd4 Bb5 60. Be1 Ra3 61. Rb4 Ba6 62. Kb2 Rd3 63. Re4+ Kf5 64. Rxe2 g5 65. Rf2+ Kg6 66. Rd2 Re3 67. Rd6+ Kh5 68. Bd2 Re2 69. Kc3 Bb7 70. Rb6 Bf3 71. Rb5 Rg2 72. Rxg5+ Rxg5 73. Bxg5 Kxg5 1/2-1/2

[Event "17th Paracin Open 2024"]
[Site "Paracin"]
[Date "2024.07.09"]
[Round "6.15"]
[White "Apoorv Kamble"]
[Black "Bhattacharyya Soham"]
[Result "1/2-1/2"]
[ECO "B13"]
[WhiteElo "2369"]
[BlackElo "2477"]
[Annotator "RC"]
[PlyCount "63"]
[EventDate "2024.07.02"]
[EventType "swiss"]
[EventCountry "SRB"]
[SourceTitle "playchess.com"]
[Source "ChessBase"]
[SourceQuality "1"]
[TimeControl "5400+30"]

1. e4 c6 2. d4 d5 3. exd5 cxd5 4. c4 Nf6 5. Nc3 Nc6 6. Nf3 Bg4 7. cxd5 Nxd5 8. Qb3 Bxf3 9. gxf3 e6 10. Qxb7 Nxd4 11. Bb5+ Nxb5 12. Qc6+ Ke7 13. Qxb5 Qd7 14. Nxd5+ Qxd5 15. Bg5+ f6 16. Qxd5 exd5 17. Be3 Kf7 18. O-O-O Rd8 19. Rd3 Rd7 20. Rhd1 Ke6 21. Re1 Kf7 22. Red1 Ke6 23. Re1 a6 24. Kb1 Kf7 25. Rc1 Be7 26. Rc6 Ra8 27. a3 a5 28. Rb6 a4 29. Rb5 Ke6 30. Rb6+ Kf7 31. Rb5 Ke6 32. Rb6+ 1/2-1/2

[Event "17th Paracin Open 2024"]
[Site "Paracin"]
[Date "2024.07.09"]
[Round "6.16"]
[White "Akhmedov, David"]
[Black "Tilicheev, Viacheslav"]
[Result "1-0"]
[ECO "E62"]
[WhiteElo "2293"]
[BlackElo "2477"]
[Annotator "RC"]
[PlyCount "105"]
[EventDate "2024.07.02"]
[EventType "swiss"]
[EventCountry "SRB"]
[SourceTitle "playchess.com"]
[Source "ChessBase"]
[SourceQuality "1"]
[TimeControl "5400+30"]

1. c4 g6 2. Nc3 Bg7 3. d4 d6 4. Nf3 Nf6 5. g3 O-O 6. Bg2 Bf5 7. Nh4 Bc8 8. O-O Nc6 9. Nf3 e5 10. dxe5 dxe5 11. Bg5 h6 12. Qxd8 Rxd8 13. Bxf6 Bxf6 14. Nd5 Kg7 15. Nxc7 Rb8 16. Nd5 e4 17. Nd2 e3 18. Nxf6 Rxd2 19. fxe3 Rxb2 20. Ne8+ Kf8 21. Nd6 Be6 22. Rab1 Rxb1 23. Rxb1 Na5 24. c5 Ke7 25. Nxb7 Bxa2 26. Rb4 Nxb7 27. c6 Ke6 28. Rxb7 Ra8 29. c7 Rc8 30. Rxa7 Bc4 31. Bb7 Rxc7 32. Bd5+ Bxd5 33. Rxc7 h5 34. Kf2 Kf5 35. Rc5 Ke4 36. Ke1 Be6 37. Kd2 Bg4 38. Rb5 Bf5 39. Rb7 Be6 40. Rb4+ Kf5 41. Kd3 Ba2 42. Rf4+ Ke5 43. e4 Bb1+ 44. Ke3 f6 45. Rf1 Bc2 46. Rc1 Bxe4 47. Rc5+ Bd5 48. Kd3 Ke6 49. Kd4 Ba2 50. e4 Bb1 51. Rc1 Ba2 52. Ra1 Bb3 53. Kc3 1-0

[Event "17th Paracin Open 2024"]
[Site "Paracin"]
[Date "2024.07.09"]
[Round "6.17"]
[White "Ivanov, Mikhail M"]
[Black "Eren, Ataberk"]
[Result "1-0"]
[ECO "A09"]
[WhiteElo "2248"]
[BlackElo "2407"]
[Annotator "ChessBase"]
[PlyCount "73"]
[EventDate "2024.07.02"]
[EventType "swiss"]
[EventCountry "SRB"]
[SourceTitle "playchess.com"]
[Source "ChessBase"]
[SourceQuality "1"]
[TimeControl "5400+30"]

1. Nf3 d5 2. c4 d4 3. b4 g5 4. Bb2 Bg7 5. Nxg5 e5 6. Ne4 f5 7. Nc5 a5 8. Qa4+ c6 9. e3 Ne7 10. exd4 exd4 11. b5 O-O 12. Na3 Qd6 13. Nd3 Qe6+ 14. Kd1 Nd7 15. c5 Rd8 16. Nf4 Qh6 17. Qc4+ Kh8 18. Ne6 Qh5+ 19. Qe2 Qg6 20. Nxd8 d3 21. Qxe7 Bxb2 22. Nf7+ Kg8 23. Bxd3 Bxa3 24. Bxf5 Qg7 25. Rb1 Nf8 26. Bxc8 Rxc8 27. Qe3 Bb4 28. Nd6 Rc7 29. a3 Qxg2 30. Kc2 Qg6+ 31. d3 Bxc5 32. Qxc5 Ne6 33. Qe5 cxb5+ 34. Kb2 Rc5 35. Qxc5 Nxc5 36. Rhg1 Nxd3+ 37. Ka1 1-0

[Event "17th Paracin Open 2024"]
[Site "Paracin"]
[Date "2024.07.09"]
[Round "6.18"]
[White "Alok Sinha"]
[Black "Polschikov, Alexey"]
[Result "1/2-1/2"]
[ECO "B90"]
[WhiteElo "2245"]
[BlackElo "2376"]
[Annotator "ChessBase"]
[PlyCount "80"]
[EventDate "2024.07.02"]
[EventType "swiss"]
[EventCountry "SRB"]
[SourceTitle "playchess.com"]
[Source "ChessBase"]
[SourceQuality "1"]
[TimeControl "5400+30"]

1. e4 c5 2. Nf3 d6 3. d4 cxd4 4. Nxd4 Nf6 5. Nc3 a6 6. h3 g6 7. g4 Bg7 8. Bg2 Nfd7 9. Be3 Nc6 10. Nxc6 bxc6 11. Bd4 Bxd4 12. Qxd4 O-O 13. O-O Qb6 14. Qxb6 Nxb6 15. f4 a5 16. b3 Ba6 17. Rfd1 f6 18. Kf2 Rfd8 19. Rd2 Kf7 20. Rad1 g5 21. fxg5 fxg5 22. e5 d5 23. Ne4 Kg6 24. Nc5 Rf8+ 25. Ke3 a4 26. Ne6 Rg8 27. Rf2 h6 28. c4 axb3 29. axb3 Bc8 30. Nf8+ Kg7 31. Rdf1 Kh8 32. Rf7 Rg7 33. Rxe7 Rxe7 34. Ng6+ Kg7 35. Nxe7 dxc4 36. bxc4 Nxc4+ 37. Kd4 Be6 38. Rf6 c5+ 39. Kxc5 Ra5+ 40. Kd4 Rxe5 1/2-1/2

[Event "17th Paracin Open 2024"]
[Site "Paracin"]
[Date "2024.07.09"]
[Round "6.19"]
[White "Pranav K P"]
[Black "Damljanovic, Branko"]
[Result "1/2-1/2"]
[ECO "A55"]
[WhiteElo "2223"]
[BlackElo "2364"]
[Annotator "ChessBase"]
[PlyCount "129"]
[EventDate "2024.07.02"]
[EventType "swiss"]
[EventCountry "SRB"]
[SourceTitle "playchess.com"]
[Source "ChessBase"]
[SourceQuality "1"]
[TimeControl "5400+30"]

1. d4 Nf6 2. c4 d6 3. Nc3 Nbd7 4. e4 e5 5. d5 c6 6. Be3 Be7 7. h3 O-O 8. Nf3 a6 9. Be2 cxd5 10. cxd5 b5 11. Nd2 Nb6 12. a3 Bd7 13. O-O Qb8 14. Rc1 Rc8 15. Qb3 Bd8 16. Rc2 Ra7 17. Rfc1 Rb7 18. Qa2 h6 19. b4 Rbc7 20. f4 Be8 21. fxe5 dxe5 22. Nb3 Rxc3 23. Rxc3 Rxc3 24. Rxc3 Nxe4 25. Rd3 Nc4 26. Nc5 Bb6 27. Nxe4 Nxe3 28. Nc5 Nf5 29. d6 Nxd6 30. Qd5 Nf5 31. Bg4 Nd4 32. Nxa6 Bc6 33. Nxb8 Bxd5 34. Nd7 Bc4 35. Rd1 Ba7 36. Nc5 Kf8 37. Kf2 Ke7 38. Ke3 f5 39. Bf3 Bb6 40. Rxd4 exd4+ 41. Kxd4 Kd6 42. a4 Ba7 43. h4 g5 44. hxg5 hxg5 45. g4 f4 46. a5 Be6 47. a6 Bc8 48. Kd3 Ke5 49. Ne4 Bxa6 50. Nxg5 Bb8 51. Bc6 Bc8 52. Bxb5 Bxg4 53. Bc6 Bh5 54. Nf3+ Kd6 55. b5 Ba7 56. Ke2 Bg6 57. Nh4 Bh5+ 58. Bf3 Bf7 59. Ng2 Ke5 60. Nxf4 Kxf4 61. Bc6 Bc4+ 62. Kd2 Bd4 63. Be8 Ke5 64. Bc6 Bxb5 65. Bxb5 1/2-1/2

[Event "17th Paracin Open 2024"]
[Site "Paracin"]
[Date "2024.07.09"]
[Round "6.20"]
[White "Damjanovic, Vuk"]
[Black "Coman, Mihnea-George"]
[Result "1/2-1/2"]
[ECO "D00"]
[WhiteElo "2361"]
[BlackElo "2243"]
[Annotator "ChessBase"]
[PlyCount "80"]
[EventDate "2024.07.02"]
[EventType "swiss"]
[EventCountry "SRB"]
[SourceTitle "playchess.com"]
[Source "ChessBase"]
[SourceQuality "1"]
[TimeControl "5400+30"]

1. d4 d5 2. Bf4 c5 3. e3 Nc6 4. c3 Bf5 5. Nf3 e6 6. Nbd2 Qb6 7. Qc1 Rc8 8. a4 h6 9. Bb5 a6 10. Bxc6+ bxc6 11. dxc5 Bxc5 12. b4 Be7 13. a5 Qb7 14. Nb3 Nf6 15. O-O O-O 16. Nfd4 Bh7 17. Nc5 Bxc5 18. bxc5 Ne4 19. Rb1 Qe7 20. Rb6 e5 21. Nxc6 Qxc5 22. Nxe5 Qxa5 23. Qb2 Qxc3 24. f3 Qxb2 25. Rxb2 Nc5 26. Rb6 Ra8 27. Nc6 Rfe8 28. Nb4 Bd3 29. Rd1 Bc4 30. Nxd5 Ne6 31. Bd6 a5 32. Nc3 a4 33. Ba3 Bb3 34. Rdd6 Rec8 35. Rbc6 Rxc6 36. Rxc6 Rd8 37. Bc1 Ra8 38. Ba3 Rd8 39. Bd6 Ra8 40. Ba3 Rd8 1/2-1/2